 Dungeon Crawl Stone Soup version 0.29-a0-330-g52719c12eb (webtiles) character file.

Game seed: 10679771997136136733

79 zishaf the Chiller (level 4, -8/36 HPs)
             Began as a Ghoul Ice Elementalist on Apr 12, 2022.
             Killed from afar by Sigmund (9 damage)
             ... with a puff of flame
             ... on level 3 of the Dungeon.
             The game lasted 00:04:23 (2094 turns).

zishaf the Chiller (Ghoul Ice Elementalist)         Turns: 2094, Time: 00:04:23

Health: -8/36      AC:  2    Str: 11    XL:     4   Next: 38%
Magic:  0/6        EV: 12    Int: 12    God:
Gold:   88         SH:  0    Dex:  9    Spells: 0/7 levels left

rFire   . . .      SeeInvis .   (no weapon)
rCold   + . .      Faith    .   (no shield)
rNeg    + + +      Spirit   .   a - +0 robe
rPois   ∞          Reflect  .   (no helmet)
rElec   .          Harm     .   (no cloak)
rCorr   .          Rampage  .   (no gloves)
Will    .....                   (no boots)
Stlth   ++........              (no amulet)
HPRegen 0.00/turn               (no ring)
MPRegen 0.10/turn               (no ring)

@: inhibited regen
A: claws 1, cold resistance 1, negative energy resistance 3, inhibited
regeneration, torment resistance 2, devour on kill
a: no special abilities


You were on level 3 of the Dungeon.
You visited 1 branch of the dungeon, and saw 3 of its levels.

You collected 88 gold pieces.

Inventory:

Hand Weapons
 k - a +0 hunting sling
Missiles
 c - 62 stones (quivered)
Armour
 a - a +0 robe (worn)
Scrolls
 d - 2 scrolls of enchant weapon {unknown}
 f - a scroll of identify {unknown}
 g - 3 scrolls of vulnerability {unknown}
 i - a scroll of magic mapping {unknown}
 m - a scroll of holy word {unknown}
 n - 2 scrolls of summoning {unknown}
 p - a scroll of torment {unknown}
Potions
 b - a potion of magic
 e - 2 potions of curing {unknown}
 h - a potion of might {unknown}
 j - 2 potions of heal wounds {unknown}
 l - a potion of lignification {unknown}
 o - 2 potions of mutation {unknown}
 q - a potion of flight {unknown}


   Skills:
 + Level 2.1 Fighting
 - Level 1.7 Dodging
 - Level 2.1 Stealth
 - Level 2.0 Spellcasting
 * Level 5.6 Ice Magic


You couldn't memorise any spells.
You knew the following spells:

 Your Spells              Type           Power      Damage    Failure   Level
a - Freeze                Ice            56%        1d7       2%          1
b - Frozen Ramparts       Ice            28%        1d4       8%          3
c - Ozocubu's Armour      Ice            14%        N/A       8%          3

Your spell library contained the following spells:

 Spells                   Type           Power      Damage    Failure   Level
 Sting                    Tmut/Pois      4%         1d3       26%         1
 Corpse Rot               Necr/Air       2%         N/A       38%         2
 Poisonous Vapours        Pois/Air       2%         N/A       38%         2
 Hailstorm                Conj/Ice       8%         3d4       63%         4
 Olgreb's Toxic Radiance  Pois           1%         N/A       95%         4
 Beastly Appendage        Tmut           Unusable   N/A       N/A         1
 Wereblood                Tmut           Unusable   N/A       N/A         2
 Spider Form              Tmut/Pois      Unusable   N/A       N/A         3

Dungeon Overview and Level Annotations

Branches:
Dungeon (3/15)

Altars:

Shops:
D:2 =

Annotations:
D:3 Sigmund


Innate Abilities, Weirdness & Mutations

You are immune to poison.
You have sharp fingernails.
Your flesh is cold resistant. (rC+)
You are immune to negative energy. (rN+++)
You do not regenerate when monsters are visible.
You are immune to unholy pain and torment.
You thrive by killing the living.


Message History

The puff of flame hits you. The heat melts your icy armour.
Your icy armour will break if you move.
Continue? [Y]es or [N]o only, please.
Your icy armour will break if you move.
Continue?
You bump into the rock wall.
You feel less confused. Sigmund completely misses you.
Your icy armour will break if you move.
Continue? [Y]es or [N]o only, please.
Your icy armour will break if you move.
Continue?
Your icy armour cracks and falls away as you move.
You closely miss Sigmund.
Sigmund is severely wounded.
Sigmund hits you with a +2 vorpal scythe.
* * * LOW HITPOINT WARNING * * *
You barely miss Sigmund.
Sigmund is severely wounded.
Sigmund gestures at you while chanting. You resist with some effort.
You barely miss Sigmund.
Sigmund is severely wounded.
Sigmund closely misses you.
You aren't carrying any items that you can evoke.
You closely miss Sigmund.
Sigmund is severely wounded.
Casting: Frozen Ramparts (dangerous; 8% risk of failure)
Confirm with . or Enter, or press ? or * to list all spells.
Aiming: Freeze (safe; 2% risk of failure)
Press: ? - help, Shift-Dir - straight line, f - Sigmund
Aim: Sigmund, wielding a +2 vorpal scythe, wearing a +0 robe and carrying a wand of flame (16) (severely wounded)
You freeze Sigmund.
Sigmund is almost dead.
Sigmund zaps a wand.
The puff of flame hits you!
* * * LOW HITPOINT WARNING * * *
You barely miss Sigmund.
Sigmund is almost dead.
Sigmund points at you and mumbles some strange words.
The puff of flame hits you!
You die...

####.##..#.#
#...........
#.#####..#.# #†#
#....## #.#
#.....# #.#
#.....#
#.#####..#..####
#[......@#......
##..####@.# ###
#..# #.###..
#..# ##.#.#
#..#####...#
#........#......
##.#####<..#####
#.# ##.## #.# .#
#.# .#


You could see Sigmund.

Vanquished Creatures
  2 adders (D:2)
  2 worms (D:2)
  An orc (D:3)
  4 bats
  7 endoplasms
  3 giant cockroaches (D:1)
  4 goblins
  7 hobgoblins
  3 jackals (D:2)
  2 kobolds (D:1)
  2 quokkas
  3 ball pythons
  4 frilled lizards
  4 rats
48 creatures vanquished.

Vanquished Creatures (others)
  4 fungi (D:1)
4 creatures vanquished.

Grand Total: 52 creatures vanquished

Notes
Turn   | Place    | Note
-------+----------+-------------------------------------------
     0 | D:1      | zishaf the Ghoul Ice Elementalist began the quest for the
                  | Orb.
     0 | D:1      | Reached XP level 1. HP: 14/14 MP: 2/2
   256 | D:1      | Reached XP level 2. HP: 22/22 MP: 1/3
   488 | D:1      | Reached skill level 1 in Fighting
   857 | D:1      | Reached skill level 5 in Ice Magic
   857 | D:1      | Reached XP level 3. HP: 28/28 MP: 2/5
  1192 | D:1      | Learned a level 3 spell: Frozen Ramparts
  1464 | D:2      | Reached XP level 4. HP: 36/36 MP: 4/6
  1758 | D:2      | Found Foixt's Jewellery Boutique.
  1849 | D:3      | Noticed Sigmund
  1899 | D:3      | Learned a level 3 spell: Ozocubu's Armour
  2093 | D:3      | HP: 1/36 [Sigmund/puff of flame (9)]
  2094 | D:3      | Killed from afar by Sigmund

Illustrated notes

Levels and vault maps discovered:
D:1:      dpeg_arrival_renting, layout_basic, serial_forest,
          infiniplex_forest_end_2, infiniplex_forest_straight_1,
          infiniplex_forest_lined_4_way, infiniplex_forest_clump_cross,
          infiniplex_forest_lined_2, dreamdust_mushroom_princess,
          nicolae_figureground_sparkle
D:2:      layout_rooms, serial_shops, nicolae_shop_hallway_stairs, st_stairs_2
D:3:      layout_loops_ring, gammafunk_ghost_gnarly_gnolls,
          shapermc_ecumenical_altar_mp_highgroup, uniq_sigmund

Skill      XL: |  1  2  3  4 |
---------------+-------------+-----
Spellcasting   | 2 |  2.0
Fighting       | 1 2 |  2.1
Ice Magic      | 5 |  5.6
Dodging        | |  1.7
Stealth        | |  2.1

Action                   |  1- 3 |  4- 6 || total
-------------------------+-------+-------++-------
Melee: Unarmed           |    28 |    15 ||    43
Throw: Stone             |     3 |       ||     3
 Cast: Freeze            |    55 |    14 ||    69
       Ozocubu's Armour  |       |     1 ||     1
       Frozen Ramparts   |       |     1 ||     1
Armor: Robe              |     7 |     5 ||    12
Dodge: Dodged            |    42 |    20 ||    62

Table legend: (Time is in decaauts)
 A = Elapsed time spent in this place.
 B = Non-inter-level travel time spent in this place.
 C = Inter-level travel time spent in this place.
 D = Time resting spent in this place.
 E = Time spent auto-exploring this place.
 F = Levels seen in this place.
 G = Mean time per level.
                   A        B        C        D        E       F      G
               +--------+--------+--------+--------+--------+-----+--------+
         Total |   2095 |   2006 |     89 |     88 |   1453 |   3 |  698.3 |
       Dungeon |   2095 |   2006 |     89 |     88 |   1453 |   3 |  698.3 |
               +--------+--------+--------+--------+--------+-----+--------+

Top non-repeatable levels by time:
     D:1: 1099 daAuts
     D:2: 793 daAuts
     D:3: 202 daAuts
